 Dungeon Crawl Stone Soup version 0.18.1-8-gdd0e5ea (webtiles) character file.

2991 Chiseanne the Skirmisher (level 9, 0/49 HPs)
             Began as a Vine Stalker Monk on May 21, 2016.
             Was a High Priest of Makhleb.
             Slain by an orc warrior
             ... wielding a +0 scimitar
              (4 damage)
             ... on level 8 of the Dungeon.
             The game lasted 00:13:39 (5863 turns).

Chiseanne the Skirmisher (Vine Stalker Monk)        Turns: 5863, Time: 00:13:40

Health: 0/49       AC: 20    Str: 17    XL:     9   Next: 83%
Magic:  0/14       EV:  8    Int: 10    God:    Makhleb [*****.]
Gold:   360        SH:  0    Dex: 17    Spells: 0 memorised, 8 levels left

rFire  + . .     SeeInvis .     a - +4 whip (elec)
rCold  . . .     Gourm    +     y - +0 plate armour {rF+}
rNeg   . . .     Faith    .     (no shield)
rPois  .         Spirit   +     l - +0 helmet
rElec  .         Dismiss  .     (no cloak)
rCorr  .         Reflect  .     h - +0 pair of gloves
SustAt .         Harm     .     z - +0 pair of boots
MR     +....                    q - amulet of the gourmand
Stlth  ..........               (no ring)
                                o - +4 ring of protection

@: slowed, very slow, somewhat resistant to hostile enchantments, extremely
unstealthy
A: fangs 3, regeneration 2, magic shield, antimagic bite, no device heal 3, rot
immunity
a: Minor Destruction, Lesser Servant of Makhleb, Major Destruction, Greater
Servant of Makhleb, Renounce Religion


You were on level 8 of the Dungeon.
You worshipped Makhleb.
Makhleb was extremely pleased with you.
You were full.

You visited 1 branch of the dungeon, and saw 8 of its levels.

You collected 360 gold pieces.

Inventory:

Hand Weapons
 a - a +4 whip of electrocution (weapon)
 w - a +0 blowgun of evasion
Missiles
 e - 51 sling bullets
 g - 2 curare-tipped needles
 j - 234 stones (quivered)
 s - 11 tomahawks
 t - 21 poisoned needles
 u - 39 arrows
Armour
 h - a +0 pair of gloves (worn)
 l - a +0 helmet (worn)
 y - a +0 plate armour of fire resistance (worn)
 z - a +0 pair of boots (worn)
Jewellery
 o - a +4 ring of protection (left hand)
 q - an amulet of the gourmand (around neck)
Wands
 k - a wand of iceblast (5/15)
 p - a wand of lightning (2/15)
Scrolls
 c - 5 scrolls of remove curse
 n - 5 scrolls of identify
 r - a scroll of magic mapping
 A - a scroll of teleportation
Potions
 f - 3 potions of resistance
Comestibles
 b - 3 bread rations
 d - 4 slices of pizza
 i - 4 beef jerkies
 m - 4 meat rations
 v - 3 fruits


   Skills:
 * Level 6.8 Fighting
 - Level 2.6 Maces & Flails
 * Level 5.2 Armour
 * Level 6.0 Dodging
 - Level 2.4 Stealth
 - Level 4.0 Unarmed Combat
 * Level 5.8 Invocations


You had 8 spell levels left.
You didn't know any spells.

Dungeon Overview and Level Annotations

Branches:
Dungeon (8/15)             Temple (0/1) D:4
   Lair: D:8-11

Altars:
Dithmenos
Fedhas
Kikubaaqudgha
Makhleb
Okawaru


Innate Abilities, Weirdness & Mutations

You have razor-sharp teeth.
You heal very quickly.
When hurt, damage is shared between your health and your magic reserves.
Your bite disrupts and absorbs the magic of your enemies.
Potions and wands cannot restore your health.
You are immune to rotting.


Message History

The puff of flame hits the orc warrior.
The orc warrior is moderately wounded.
You feel slightly less full.
The orc warrior hits you with a scimitar!
* * * LOW HITPOINT WARNING * * *
Press: ? - help, Shift-Dir - straight line, f - orc, p - orc warrior
Aim: an orc The zap hits the orc warrior.
The orc warrior appears unharmed.
The orc warrior is moderately wounded.
The zap misses the kobold.
The zap hits the orc.
The orc is heavily wounded.
You feel slightly less full. The orc warrior closely misses you.
The orc warrior hits you but does no damage.
Press: ? - help, Shift-Dir - straight line, f/p - orc
Aim: an orc (heavily wounded)
The stone arrow hits the orc warrior.
The orc warrior is heavily wounded.
You feel slightly less full.
The orc warrior hits you with a scimitar.
You die...

....# .#.# #.#.#
... ##)#.## #.#.#
.. #.)...# ....#
.#### #(.#..#
....# #...#
#(....# ....#
#...# #.#..##
....# #...#
#.#..# ....#
#...###.#..#
....#####
#†..@.#..o>#
###.....#
#...#o###K##
#####.# ###...#K#
#o# #.# #.'...#o#
#.# #.###.#...#)#
#.#
#.....#...#.###.#
###########)..o.#
#######


You could see an orc warrior, an orc and a kobold.

Vanquished Creatures
  Pikel (D:4)
  2 hungry ghosts
  An orc warrior (D:8)
  2 sky beasts
  2 ogres
  2 phantoms
  A centaur (D:5)
  4 giant frogs
  2 wyvern skeletons
  A water moccasin skeleton (D:5)
  3 wights (D:7)
  3 howler monkeys (D:7)
  2 crimson imps
  A hound (D:5)
  A giant frog skeleton (D:6)
  A jelly (D:6)
  An orc priest (D:6)
  6 orc wizards
  A centaur skeleton (D:5)
  2 iguanas
  Jessica (D:2)
  Terence (D:2)
  7 worker ants
  7 gnolls (D:7)
  A howler monkey skeleton (D:5)
  6 adders
  5 river rats (D:5)
  2 shadow imps (D:7)
  4 oozes
  An adder zombie (D:6)
  A dart slug (D:1)
  4 giant geckos
  17 orcs
  9 bats
  6 giant cockroaches
  6 goblins
  5 hobgoblins
  11 jackals
  5 quokkas
  A ball python (D:2)
  6 giant newts
  9 kobolds
  A quokka skeleton (D:4)
  A quokka zombie (D:6)
  34 rats
190 creatures vanquished.

Vanquished Creatures (others)
  A slave (D:4)
  A scorpion (D:4)
  A jackal (D:4)
3 creatures vanquished.

Grand Total: 193 creatures vanquished

Notes
Turn   | Place    | Note
--------------------------------------------------------------
     0 | D:1      | Chiseanne the Vine Stalker Monk began the quest for the Orb.
     0 | D:1      | Reached XP level 1. HP: 11/11 MP: 2/2
    75 | D:1      | Reached XP level 2. HP: 8/16 MP: 1/3
   485 | D:1      | Reached XP level 3. HP: 20/20 MP: 4/4
   866 | D:2      | Noticed Terence
   915 | D:2      | Killed Terence
   935 | D:2      | Reached XP level 4. HP: 13/24 MP: 5/5
  1139 | D:2      | Noticed Jessica
  1149 | D:2      | Killed Jessica
  1427 | D:2      | Found an ancient bone altar of Kikubaaqudgha.
  1428 | D:2      | Found a blossoming altar of Fedhas.
  1779 | D:3      | Reached skill level 1 in Armour
  1899 | D:3      | Found a burning altar of Makhleb.
  1899 | D:3      | Found a shadowy altar of Dithmenos.
  2005 | D:3      | Became a worshipper of Makhleb the Destroyer
  2005 | D:3      | Reached * piety under Makhleb
  2005 | D:3      | Reached ** piety under Makhleb
  2353 | D:3      | Reached XP level 5. HP: 29/29 MP: 6/6
  2555 | D:4      | Found an iron altar of Okawaru.
  2567 | D:4      | Reached skill level 1 in Invocations
  2601 | D:4      | Found a staircase to the Ecumenical Temple.
  2744 | D:4      | Noticed a slave
  2744 | D:4      | Noticed Pikel
  2747 | D:4      | Noticed a slave
  2748 | D:4      | Noticed a slave
  2753 | D:4      | Noticed a slave
  2773 | D:4      | HP: 1/29 [Pikel/whip of electrocution (9)]
  2779 | D:4      | Killed Pikel
  2779 | D:4      | Gained mutation: You heal very quickly. [Vine Stalker growth]
  2779 | D:4      | Reached XP level 6. HP: 13/34 MP: 3/9
  2779 | D:4      | Reached XP level 7. HP: 15/38 MP: 3/10
  3259 | D:5      | Entered Level 5 of the Dungeon
  3336 | D:5      | Reached skill level 5 in Fighting
  3336 | D:5      | Reached skill level 1 in Maces & Flails
  3337 | D:5      | Reached *** piety under Makhleb
  3349 | D:5      | Gained mutation: You have razor-sharp teeth. [Vine Stalker growth]
  3349 | D:5      | Reached XP level 8. HP: 40/43 MP: 8/11
  3797 | D:5      | Reached **** piety under Makhleb
  4011 | D:6      | Reached skill level 5 in Dodging
  4536 | D:7      | Reached XP level 9. HP: 48/48 MP: 13/13
  4683 | D:7      | Reached ***** piety under Makhleb
  4754 | D:7      | Reached skill level 5 in Invocations
  5526 | D:8      | Reached skill level 5 in Armour
  5839 | D:8      | HP: 2/49 [orc warrior/scimitar (2)]
  5863 | D:8      | Slain by an orc warrior

Skill      XL: |  1  2  3  4  5  6  7  8  9 |
---------------+----------------------------+-----
Fighting       | 3 4 5 6 |  6.8
Dodging        | 3 4 5 6 |  6.0
Armour         | 1 2 3 4 5 |  5.2
Invocations    | 3 4 5 |  5.8
Maces & Flails | 1 2 |  2.6
Stealth        | |  2.4
Unarmed Combat | |  4.0

Action                   |  1- 3 |  4- 6 |  7- 9 || total
-------------------------+-------+-------+-------++-------
Melee: Unarmed           |    79 |   152 |       ||   231
       Bite              |    16 |    35 |   106 ||   157
       Punch             |     3 |     3 |     2 ||     8
       Whip              |       |       |   384 ||   384
Invok: Minor Destruction |       |       |     4 ||     4
Evoke: Wand              |       |     2 |     1 ||     3
  Use: Scroll            |     4 |     2 |     8 ||    14
       Potion            |     1 |     3 |     4 ||     8
 Stab: Sleeping          |     3 |       |       ||     3
       Invisible         |       |     5 |       ||     5
  Eat: Chunk             |       |    10 |    35 ||    45
Armor: Robe              |    20 |       |       ||    20
       Chain mail        |       |    87 |   261 ||   348
       Plate armour      |       |       |    17 ||    17
Dodge: Dodged            |    54 |    74 |   215 ||   343
